 Dungeon Crawl Stone Soup version 0.15.0-29-ga8e3430 (webtiles) character file.

34 Kold the Sneak (level 3, -9/14 (17) HPs)
             Began as a Felid Chaos Knight on Sept 12, 2014.
             Was a Plaything of Xom.
             Mangled by a gnoll
             ... wielding a +0 spear
              (11 damage)
             ... on Level 2 of the Dungeon.
             The game lasted 00:02:06 (1511 turns).

Kold the Sneak (Felid Chaos Knight)                 Turns: 1511, Time: 00:02:06

HP  -9/14 (17)   AC  1     Str  5 (8)  XL: 3   Next: 14%
MP   5/5         EV 18     Int 13      God: Xom
Gold 26          SH  0     Dex 16      Spells:  0 memorised,  2 levels left
Lives: 0, deaths: 0

rFire  . . .     SeeInvis +       - Unarmed
rCold  . . .     Clarity  .     (armour unavailable)
rNeg   . . .     rCorr    .     (shield unavailable)
rPois  .         rRot     .     (helmet unavailable)
rElec  .         Spirit   .     (cloak unavailable)
SustAb .         Warding  .     (gloves unavailable)
rMut   .         Stasis   .     (boots unavailable)
Gourm  .                        (no amulet)
MR     .....                    (no ring)
                                (no ring)

@: exhausted, quick, not resistant to hostile enchantments, fairly stealthy
A: paw claws, no armour, no weapons or thrown items, fangs 3, see invisible,
carnivore 3, speed 1, shaggy fur 1, slow metabolism 1, jump 1
a: Jump Attack, Renounce Religion


You were on level 2 of the Dungeon.
You worshipped Xom.
You were a toy of Xom.
You were very full.

You visited 1 branch of the dungeon, and saw 2 of its levels.

You collected 26 gold pieces.

Inventory:

Comestibles
 c - a meat ration
 l - a rotting chunk of jackal flesh
Scrolls
 a - 2 scrolls of magic mapping {unknown}
 d - a scroll of teleportation {unknown}
 e - 2 scrolls of enchant weapon {unknown}
 h - 2 scrolls of identify {unknown}
 i - a scroll of random uselessness {unknown}
 j - a scroll of enchant armour {unknown}
Potions
 k - a potion of lignification {unknown}


   Skills:
 - Level 3.0 Fighting
 - Level 3.2 Dodging
 - Level 4.1 Stealth
 + Level 3.0 Unarmed Combat


You had 2 spell levels left.
You didn't know any spells.

Dungeon Overview and Level Annotations

Branches:
Dungeon (2/15)

Altars:


Innate Abilities, Weirdness & Mutations

You cannot wear armour.
You are incapable of wielding weapons or throwing items.
Your paws have sharp claws.
You have razor-sharp teeth.
You have supernaturally acute eyesight.
You are carnivorous and can eat meat at any time.
You cover ground quickly.
You are covered in fur (AC +1).
You have a slow metabolism.
You can jump attack at a short distance.


Message History

The gnoll misses you.
You scratch the gnoll but do no damage.
The gnoll is moderately wounded.
The gnoll hits you with a spear!
* * * LOW HITPOINT WARNING * * *
You are too injured to fight recklessly!
Drink which item? (? for menu, Esc to quit)
You feel your flesh rotting away!
It was a potion of decay.
Xom roars with laughter!
The gnoll is no longer bleeding.
The gnoll completely misses you.
Drink which item? (? for menu, Esc to quit)
Magic courses through your body.
It was a potion of magic.
Drink which item? (? for menu, Esc to quit)
There was something very wrong with that liquid!
You feel weakened.
It was a potion of degeneration.
The gnoll hits you with a spear!
Ouch! That really hurt!
You die...
Xom thinks this is hilarious!

#.#.#.#.##.#
#######.#.....##.#######
#.........#............#
#.#####.......##.#####.# #.#
###.....##.# #.# #.# #........#
#.# #.# ###.###### #.# #.# #g#
#.# #.# #@# #.# ##.##### ##'##
#.# ##..#...# ##...## #.####
##.#.....###.....## ##....#
##.###..#.##.......## ##.###.#
##.## #.###.......>..####...##.#
....###..#....(.(....'(......#.#
####.#..#.##.........####...##.#
##..######.......## ##.###.##


You could see a gnoll.

Vanquished Creatures
  A giant mite (D:2)
  A giant gecko (D:1)
  5 bats
  A goblin (D:1)
  4 hobgoblins (D:1)
  2 jackals (D:1)
  A giant newt (D:1)
  4 kobolds
  5 rats (D:1)
24 creatures vanquished.

Notes
Turn   | Place    | Note
--------------------------------------------------------------
     0 | D:1      | Kold, the Felid Chaos Knight, began the quest for the Orb.
     0 | D:1      | Reached XP level 1. HP: 10/10 MP: 2/2
    35 | D:1      | XOM: harmless Divn miscast
    56 | D:1      | Reached skill level 1 in Stealth
   442 | D:1      | Reached XP level 2. HP: 5/14 MP: 3/3
  1025 | D:1      | XOM: harmless Ice miscast
  1219 | D:1      | XOM: harmless Pois miscast
  1346 | D:2      | Reached skill level 4 in Stealth
  1346 | D:2      | Reached XP level 3. HP: 17/17 MP: 5/5
  1511 | D:2      | Mangled by a gnoll

Action                   || total
-------------------------++-------
Melee: Unarmed           ||    81
 Abil: Jump Attack       ||     2
  Use: Potion            ||     3
 Stab: Sleeping          ||     3
       Distracted        ||     1
  Eat: Chunk             ||     8
